 Dungeon Crawl Stone Soup version 0.21.1-1-g345015f (webtiles) character file.

63 inc the Scratcher (level 3, 14/14 HPs)
             Began as a Felid Enchanter on Feb 25, 2018.
             Was an Initiate of Gozag.
             Quit the game on level 3 of the Dungeon.
             The game lasted 00:08:00 (3174 turns).

inc the Scratcher (Felid Enchanter)                 Turns: 3174, Time: 00:08:01

Health: 14/14      AC:  1    Str:  4    XL:     3   Next: 89%
Magic:  7/7        EV: 18    Int: 17    God:    Gozag
Gold:   212        SH:  0    Dex: 16    Spells: 3/6 levels left
                                        Lives:  0   Deaths: 1

rFire    . . .     SeeInvis +     - Unarmed
rCold    . . .     Gourm    .   (shield unavailable)
rNeg     . . .     Faith    .   (armour unavailable)
rPois    +         Spirit   .   (helmet unavailable)
rElec    .         Reflect  .   (cloak unavailable)
rCorr    .         Harm     .   (gloves unavailable)
MR       .....                  (boots unavailable)
Stlth    +++.......             (no amulet)
HPRegen  0.04/turn              d - ring of poison resistance
MPRegen  0.10/turn              (no ring)

@: quick
A: very small, no armour, no weapons or thrown items, stealth, claws 1, fangs 3,
see invisible, carnivore, speed 1, shaggy fur 1, slow metabolism 1, sharp paws
a: Potion Petition, Call Merchant, Bribe Branch, Renounce Religion


You were on level 3 of the Dungeon.
You worshipped Gozag.
Gozag was aware of your devotion.
You were not hungry.

You visited 1 branch of the dungeon, and saw 3 of its levels.

You collected 225 gold pieces.
You paid 13 gold pieces to Gozag.

Inventory:

Jewellery
 d - a ring of poison resistance (left paw)
 k - an uncursed ring of see invisible
 m - a -2 ring of strength
Wands
 p - a wand of random effects (30)
Scrolls
 c - a scroll of remove curse
 f - 2 scrolls of teleportation {unknown}
 g - a scroll of immolation {unknown}
 h - 4 scrolls of identify
 i - a scroll of magic mapping {unknown}
 j - a scroll of blinking {unknown}
 n - a scroll of amnesia {unknown}
Potions
 e - a potion of berserk rage {unknown}
 l - a potion of magic
 o - a potion of agility {unknown}
Books
 a - a book of Maledictions

   Spells                             Type                      Level
   a - Corona                         Hexes                        1
   b - Ensorcelled Hibernation        Hexes/Ice                    2
   c - Confuse                        Hexes                        3
   d - Tukima's Dance                 Hexes                        3
   e - Dazzling Spray                 Conjuration/Hexes            3
Comestibles
 b - 6 rations


   Skills:
 - Level 2.6 Dodging
 - Level 4.0 Stealth
 + Level 4.8 Unarmed Combat
 - Level 2.0 Spellcasting
 - Level 4.4 Hexes


You had 3 spell levels left.
You knew the following spells:

 Your Spells              Type           Power        Failure   Level  Hunger
a - Corona                Hex            ###....      3%          1    #......
b - Ensorcelled Hibernat  Hex/Ice        #.....       12%         2    ###....


Dungeon Overview and Level Annotations

Branches:
Dungeon (3/15)

Altars:
Gozag

Annotations:
D:3 shakethe's ghost, novice BaGl


Innate Abilities, Weirdness & Mutations

You cannot wear armour.
You are incapable of wielding weapons or throwing items.
Your paws allow you to move quietly. (Stealth)
You have sharp claws.
You have razor-sharp teeth.
You have supernaturally acute eyesight. (SInv)
You are carnivorous and can eat meat at any time.
You cover ground quickly.
You are covered in fur. (AC +1)
You have a slow metabolism.
Your sharp claws are effective at attacking unaware monsters.


Message History

You climb downwards.
A bat, an orc and a player ghost come into view.
Shakethe's ghost turns its malevolent gaze towards you.
The orc shouts!
Shakethe's ghost hits you!
Ouch! That really hurt!
* * * LOW HITPOINT WARNING * * *
The bat hits you.
* * * LOW HITPOINT WARNING * * *
Shakethe's ghost barely misses you. The bat closely misses you.
Found 26 gold pieces, a fuming blue potion and a ration.
Found an escape hatch in the floor.
Found a stone staircase leading down and a stone staircase leading up.
There is a stone staircase leading up, spattered with blood here.
The bat completely misses you. Shakethe's ghost hits you.
You stop ascending the stairs.
You die...
You are now level 3!
You rejoin the land of the living...
Are you sure you want to abandon this character and quit the game? (Confirm with "yes".)

# .. .### ... ..# ...#
..### ....# #...# #
..... ###...#####. #...
#..@....... ..
#$##[...... .. #. #.
......# #...##.
####.####.#..### #....
#..............# #####
#..........##..# ####..
#..........##..###....#
#.........###.......#..
#.........##.....##....


There were no monsters in sight!

Vanquished Creatures
  6 adders
  An ooze (D:3)
  2 worms
  4 dart slugs
  6 bats
  2 giant cockroaches
  5 goblins
  6 hobgoblins
  11 jackals
  3 kobolds (D:2)
  2 ball pythons (D:1)
  3 frilled lizards
  5 rats
56 creatures vanquished.

Notes
Turn   | Place    | Note
-------+----------+-------------------------------------------
     0 | D:1      | inc the Felid Enchanter began the quest for the Orb.
     0 | D:1      | Reached XP level 1. HP: 7/7 MP: 4/4
   302 | D:1      | Reached XP level 2. HP: 11/11 MP: 6/6
   306 | D:1      | Learned a level 2 spell: Ensorcelled Hibernation
   987 | D:2      | Reached XP level 3. HP: 14/14 MP: 7/7
  1629 | D:2      | Found an opulent altar of Gozag.
  1681 | D:2      | Became a worshipper of Gozag Ym Sagoz the Greedy
  2165 | D:3      | Reached XP level 4. HP: 16/18 MP: 3/8
  3172 | D:3      | Noticed shakethe's ghost (novice BaGl)
  3173 | D:3      | Slain by shakethe's ghost
  3174 | D:3      | Reached XP level 3. HP: -1/14 MP: 7/7
  3174 | D:3      | Quit the game

Skill      XL: |  1  2  3  4 |
---------------+-------------+-----
Unarmed Combat | 2 3 4 |  4.8
Dodging        | |  2.6
Stealth        | |  4.0
Spellcasting   | |  2.0
Hexes          | |  4.4

Action                   |  1- 3 |  4- 6 || total
-------------------------+-------+-------++-------
Melee: Unarmed           |    85 |    44 ||   129
       Bite              |     4 |     3 ||     7
       Punch             |       |     1 ||     1
 Cast: Corona            |     8 |     1 ||     9
       Ensorcelled Hiber |    20 |    18 ||    38
  Use: Scroll            |       |     2 ||     2
 Stab: Sleeping          |    26 |    10 ||    36
  Eat: Chunk             |     4 |       ||     4
       Ration            |       |     1 ||     1
Armor: Skin              |     3 |     2 ||     5
Dodge: Dodged            |    60 |    57 ||   117
